 Dungeon Sprint DCSS version 0.30.1-3-gfc49f6343a (webtiles) character file.

Game seed: 4424110476208430300

997 boopmooplesden the Carver (level 7, 0/71 HPs)
             Began as a Yellow Draconian Berserker on July 28, 2023.
             Was a High Priest of Trog.
             Slain by a phantasmal warrior (16 damage)
             ... in the Dungeon (Sprint VII: "The Pits").
             The game lasted 00:01:34 (415 turns).

boopmooplesden the Carver (DrBe)                     Turns: 415, Time: 00:01:35

Health: 0/71       AC:  6    Str: 21    XL:     7   Next: 99%
Magic:  7/7        EV: 15    Int:  7    God:    Trog [*****.]
Gold:   0          SH:  0    Dex: 11    Spells: 6/6 levels left

rFire   . . .        k - +1 long sword (flame)
rCold   . . .        (no shield)
rNeg    . . .        (body armour unavailable)
rPois   .            (helmet restricted)
rElec   .            (no cloak)
rCorr   +            (no gloves)
SInv    .            (no boots)
Will    .....        (no amulet)
Stlth   ++           (no ring)
HPRegen 0.31/turn    (no ring)
MPRegen 0.10/turn

%: no teleportation
@: weak-willed, on berserk cooldown, slowed, very slow
A: spit acid, AC +6, unfitting armour, cold-blooded, acid resistance
a: Breathe Acid, Renounce Religion, Berserk, Trog's Hand, Brothers in Arms


You were in the Dungeon.
You worshipped Trog.
Trog was extremely pleased with you.
You visited 1 branch

Inventory:

Hand Weapons
 a - a +0 falchion
 h - a +2 falchion
 k - a +1 long sword of flaming (weapon)
Scrolls
 g - a scroll of blinking
 j - a scroll of summoning
Potions
 b - 6 potions of curing
 c - 4 potions of heal wounds
 d - a potion of haste
 e - 4 potions of magic
 f - 3 potions of berserk rage
 i - 2 potions of invisibility


   Skills:
 + Level 9.9 Fighting
 + Level 11.9 Long Blades
 + Level 9.5 Dodging
 + Level 1.9 Stealth


You had 6 spell levels left.
You didn't know any spells.
Your spell library was empty.

Dungeon Overview and Level Annotations

Branches:
Dungeon (1/1)

Altars:
Cheibriados
Dithmenos
Elyvilon
Fedhas
Gozag
Hepliaklqana
Makhleb
Nemelex Xobeh
Okawaru
Qazlal
Ru
Sif Muna
Trog
Wu Jian
Xom
Yredelemnul
Zin
The Shining One
Jiyva


Innate Abilities, Weirdness & Mutations

You can spit globs of acid.
Your golden yellow scales are hard. (AC +6)
You cannot fit into any form of body armour.
You are cold-blooded and may be slowed by cold attacks.
You are resistant to acid. (rCorr)


Message History

Trog accepts your kill.
Your Long Blades skill increases to level 11!
Your Dodging skill increases to level 9!
You closely miss the dream sheep.
Your tail-slap misses the dream sheep.
The dream sheep barely misses you. The phantasmal warrior hits you!!
Your willpower is stripped away!
You slash the dream sheep! You burn the dream sheep.
You kill the dream sheep!
Trog accepts your kill. Trog grants you a weapon!
Something appears at your feet!
You see here a +4 heavy triple sword.
You slash the phantasmal warrior! You burn the phantasmal warrior.
The phantasmal warrior is moderately damaged.
The phantasmal warrior hits you!
You hit the phantasmal warrior but do no damage.
The phantasmal warrior is moderately damaged.
You barely miss the phantasmal warrior.
You tail-slap the phantasmal warrior, but do no damage.
The phantasmal warrior is moderately damaged.
The phantasmal warrior hits you!! The dream sheep misses you.
You barely miss the phantasmal warrior.
The phantasmal warrior is moderately damaged.
You hit the phantasmal warrior. You burn the phantasmal warrior.
The phantasmal warrior is moderately damaged.
You are no longer berserk.
You are exhausted.
You feel yourself slow down. The dream sheep closely misses you.
The phantasmal warrior misses you.
You hit the phantasmal warrior but do no damage.
You tail-slap the phantasmal warrior, but do no damage.
The phantasmal warrior is moderately damaged.
The phantasmal warrior hits you.
* * * LOW HITPOINT WARNING * * *
The dream sheep barely misses you.
You completely miss the phantasmal warrior.
The phantasmal warrior is moderately damaged.
The dream sheep bites you.
* * * LOW HITPOINT WARNING * * *
The phantasmal warrior hits you!
You die...

#.#.).†.#))##.......#
#.#...†.#[[##.......#
#)####)##'###...<...#
#)#...)....##.......#
#)#........##.......#
#)###########.......#
#.......#..##########
#.......#W##
#...#...#@#
#..###..#Y#
#...#...#.'....+
#.......#)#....#
#.......'.#....#
########### ####


You could see a phantasmal warrior and a dream sheep.

Vanquished Creatures
  4 dream sheep (D)
  A kobold brigand (D)
  A gnoll sergeant (D)
  A gnoll bouda (D)
  Jessica (D)
  An adder (D)
  7 gnolls (D)
  A river rat (D)
  A white imp (D)
  A worm (D)
  A bat skeleton (D)
  An endoplasm (D)
  A goblin (D)
  2 kobolds (D)
  A quokka (D)
  A ball python (D)
  A bat (D)
  A frilled lizard (D)
  A rat (D)
29 creatures vanquished.

Notes
Turn   | Place    | Note
-------+----------+-------------------------------------------
     0 | D        | boopmooplesden the Draconian Berserker began the quest for
                  | the Orb.
     0 | D        | Reached XP level 1. HP: 19/19 MP: 1/1
    47 | D        | Found a glowing golden altar of the Shining One.
    47 | D        | Found a glowing silver altar of Zin.
    47 | D        | Found a basalt altar of Yredelemnul.
    47 | D        | Found a shimmering altar of Xom.
    47 | D        | Found an ornate altar of the Wu Jian Council.
    47 | D        | Found a bloodstained altar of Trog.
    47 | D        | Found a shimmering blue altar of Sif Muna.
    47 | D        | Found a sacrificial altar of Ru.
    47 | D        | Found a stormy altar of Qazlal.
    47 | D        | Found an iron altar of Okawaru.
    47 | D        | Found a sparkling altar of Nemelex Xobeh.
    47 | D        | Found a burning altar of Makhleb.
    47 | D        | Found a viscous altar of Jiyva.
    47 | D        | Found a hazy altar of Hepliaklqana.
    47 | D        | Found an opulent altar of Gozag.
    47 | D        | Found a blossoming altar of Fedhas.
    47 | D        | Found a white marble altar of Elyvilon.
    47 | D        | Found a shadowy altar of Dithmenos.
    47 | D        | Found a snail-covered altar of Cheibriados.
    60 | D        | Reached ** piety under Trog
    77 | D        | Noticed Jessica
    83 | D        | Reached skill level 4 in Long Blades
    83 | D        | Reached XP level 2. HP: 27/27 MP: 2/2
    84 | D        | Killed Jessica
    84 | D        | Reached *** piety under Trog
    85 | D        | Reached skill level 5 in Fighting
    85 | D        | Reached skill level 5 in Long Blades
    85 | D        | Reached XP level 3. HP: 36/36 MP: 3/3
   146 | D        | Noticed a gnoll sergeant
   146 | D        | Noticed a kobold brigand
   159 | D        | Reached **** piety under Trog
   163 | D        | Killed a gnoll sergeant
   164 | D        | Reached skill level 6 in Long Blades
   164 | D        | Reached skill level 5 in Dodging
   164 | D        | Reached XP level 4. HP: 43/44 MP: 4/4
   175 | D        | HP: 1/45 [kobold brigand/+0 short sword (4)]
   181 | D        | Killed a kobold brigand
   181 | D        | Reached ***** piety under Trog
   182 | D        | Reached skill level 7 in Long Blades
   182 | D        | Reached XP level 5. HP: 37/52 MP: 5/5
   185 | D        | Reached skill level 8 in Long Blades
   309 | D        | Received a gift from Trog
   322 | D        | Reached XP level 6. HP: 61/61 MP: 6/6
   391 | D        | Noticed a dream sheep
   391 | D        | Noticed a dream sheep
   391 | D        | Noticed a dream sheep
   391 | D        | Noticed a dream sheep
   391 | D        | Noticed a dream sheep
   391 | D        | Noticed a phantasmal warrior
   396 | D        | Killed a dream sheep
   397 | D        | Reached skill level 10 in Long Blades
   397 | D        | Reached skill level 1 in Stealth
   401 | D        | Killed a dream sheep
   402 | D        | Your scales start taking on a golden yellow colour.
   402 | D        | Reached XP level 7. HP: 70/70 MP: 7/7
   402 | D        | Gained mutation: You are resistant to acid. (rCorr) [Yellow
                  | Draconian growth]
   406 | D        | Killed a dream sheep
   407 | D        | Reached skill level 11 in Long Blades
   408 | D        | Killed a dream sheep
   408 | D        | Received a gift from Trog
   415 | D        | Slain by a phantasmal warrior

Illustrated notes

Levels and vault maps discovered:
D:        pitsprint [storerooms_1, entrance_room_1, metal_vault_4, armoury_2,
          mini_pit_1, grid_room_1, main_hall_1, silver_pit, the_coven_2,
          the_vestibule_1, steel_vault_4, golden_pit, hallway_of_sentries,
          crystal_vault_5, iron_vault_4, final_vault]

Skill      XL: |  1  2  3  4  5  6  7 |
---------------+----------------------+-----
Dodging        | 3 4 5 6 7 8 9 |  9.5
Fighting       | 4 5 6 7 9 |  9.9
Long Blades    | 4 5 6 7 8 10 11 | 11.9
Stealth        | 1 |  1.9

Action                     |  1- 3 |  4- 6 |  7- 9 || total
---------------------------+-------+-------+-------++-------
  Melee: Falchion          |    28 |       |       ||    28
         Tailslap          |     3 |     6 |     3 ||    12
         Long sword        |    10 |    50 |    13 ||    73
 Invoke: Berserk           |     2 |     2 |       ||     4
    Use: Potion            |       |     2 |       ||     2
   Stab: Sleeping          |       |     1 |       ||     1
 Armour: Skin              |    13 |     2 |     1 ||    16
  Dodge: Dodged            |    51 |    31 |     5 ||    87
